 Dungeon Crawl Stone Soup version 0.16.2-12-gd0ad4c3 (webtiles) character file.

85 faibistes the Cudgeler (level 4, 0/45 HPs)
             Began as an Ogre Warper on Dec 7, 2017.
             Slain by a gnoll
             ... wielding a +0 halberd
              (13 damage)
             ... on level 2 of the Dungeon.
             The game lasted 00:05:05 (2043 turns).

faibistes the Cudgeler (Ogre Warper)                Turns: 2043, Time: 00:05:06

Health: 0/45       AC:  3    Str: 16    XL:     4   Next: 48%
Magic:  6/9        EV:  9    Int: 13    God:
Gold:   42         SH:  0    Dex:  9    Spells: 4 memorised, 1 level left

rFire  . . .     SeeInvis .     a - +0 mace
rCold  . . .     Clarity  .     b - +0 robe
rNeg   . . .     SustAb   .     (shield restricted)
rPois  .         Gourm    .     (helmet restricted)
rElec  .         Spirit   .     (no cloak)
rCorr  .         Warding  .     (gloves unavailable)
rMut   .         Stasis   .     (boots unavailable)
MR     .....                    (no amulet)
Stlth  +.........               (no ring)
                                (no ring)

@: very slightly contaminated, drained, not resistant to hostile enchantments,
very unstealthy
A: unfitting armour, tough skin 1
a: no special abilities


You were on level 2 of the Dungeon.
You were not hungry.

You visited 1 branch of the dungeon, and saw 2 of its levels.

You collected 42 gold pieces.

Inventory:

Hand weapons
 a - a +0 mace (weapon)
 m - a +0 short sword of draining
Missiles
 e - 4 tomahawks of dispersal
 t - 4 large rocks (quivered)
Armour
 b - a +0 robe (worn)
Scrolls
 d - 2 scrolls of blinking
 g - a scroll of random uselessness {unknown}
 j - a scroll of fear {unknown}
 l - a scroll of teleportation {unknown}
 o - a scroll of amnesia {unknown}
 q - a scroll of enchant armour {unknown}
 s - 2 scrolls of identify
Potions
 i - 2 potions of curing
 p - a potion of might
 r - 2 potions of agility
Books
 c - a book of Spatial Translocations

   Spells                             Type                      Level
   a - Apportation                    Translocation                1
   b - Blink                          Translocation                2
   c - Shroud of Golubria             Charms/Translocation         2
   d - Portal Projectile              Translocation                3
   e - Teleport Other                 Translocation                3
   f - Passage of Golubria            Translocation                4
Comestibles
 f - 3 meat rations
 h - 4 fruits


   Skills:
 + Level 3.4(3.1) Fighting
 * Level 3.6(3.2) Maces & Flails
 * Level 2.1(1.8) Throwing
 + Level 1.0(0.7) Armour
 - Level 1.7(1.4) Dodging
 * Level 3.1(2.7) Spellcasting
 * Level 2.5(2.2) Translocations


You had one spell level left.
You knew the following spells:

 Your Spells              Type           Power        Failure   Level  Hunger
a - Apportation           Tloc           #.........   12%         1    #......
b - Teleport Other        Tloc           #.......     34%         3    ###....
c - Shroud of Golubria    Chrm/Tloc      #.........   24%         2    ###....
d - Blink                 Tloc           N/A          17%         2    ###....


Dungeon Overview and Level Annotations

Branches:
Dungeon (2/15)

Altars:


Innate Abilities, Weirdness & Mutations

You are too large for most types of armour.
You have tough skin (AC +1).


Message History

You hit the gnoll but do no damage. The gnoll hits you with a halberd!!
Your shroud falls apart!
You hit the gnoll but do no damage. The gnoll barely misses you.
The quokka bites you.
You hit the gnoll.
The gnoll is moderately wounded.
The quokka barely misses you. The gnoll hits you but does no damage.
You hit the gnoll.
The gnoll is heavily wounded.
The quokka closely misses you. The gnoll barely misses you.
The quokka bites you.
You completely miss the gnoll.
The gnoll is heavily wounded.
The gnoll hits you with a halberd!
* * * LOW HITPOINT WARNING * * *
The quokka misses you.
You hit the gnoll but do no damage.
The gnoll is heavily wounded.
The quokka closely misses you. The gnoll hits you with a halberd!
You die...

#. ##............. #.
##.............. .. #.
#.......##...... .#.#
#.##.#.........[...
....##.#..#.......##
...
#....#...#.........#
#.#
#.>..##..)....#.###.#
#..#!.)............##.#
#.....@#..#######.....#
#.#.#rg#### #####......
.. #..# #.......... ...
.... ...####..... .
..... . ###### ##...#.
######## #...##
........ ##### ########
#


You could see a gnoll and a quokka.

Vanquished Creatures
  3 gnolls
  2 adders (D:2)
  2 giant geckos
  5 bats
  2 giant cockroaches
  A goblin (D:1)
  5 hobgoblins
  4 jackals (D:1)
  4 giant newts (D:1)
  2 kobolds (D:1)
  9 rats (D:1)
39 creatures vanquished.

Notes
Turn   | Place    | Note
--------------------------------------------------------------
     0 | D:1      | faibistes, the Ogre Warper, began the quest for the Orb.
     0 | D:1      | Reached XP level 1. HP: 22/22 MP: 3/3
   209 | D:1      | Reached XP level 2. HP: 21/29 MP: 5/5
   213 | D:1      | Learned a level 2 spell: Blink
   216 | D:1      | Learned a level 2 spell: Shroud of Golubria
   650 | D:1      | Reached skill level 1 in Armour
   787 | D:1      | Reached skill level 3 in Maces & Flails
   787 | D:1      | Reached XP level 3. HP: 22/36 MP: 1/6
  1704 | D:2      | Reached XP level 4. HP: 14/45 MP: 2/9
  2009 | D:2      | Learned a level 3 spell: Teleport Other
  2043 | D:2      | Slain by a gnoll

Action                   |  1- 3 |  4- 6 || total
-------------------------+-------+-------++-------
Melee: Mace              |   132 |    19 ||   151
Throw: Tomahawk          |     1 |       ||     1
       Large rock        |     2 |     3 ||     5
       Stone             |     1 |     1 ||     2
 Cast: Shroud of Golubri |     7 |     3 ||    10
       Blink             |     1 |       ||     1
  Use: Scroll            |     3 |       ||     3
       Potion            |     1 |       ||     1
  Eat: Chunk             |     3 |     2 ||     5
